AoeStats
← masterbaiter

Arabia

511573725Analyzed
4v4 RM · 14d ago on Oct 5, 2026· 57m 22s· 8 players
Game mode
Random Map
Map size
Large (8 player)
Population
200
Speed
Normal
Resources
Standard
Victory
Conquest
Starting age
Dark Age
Ending age
Imperial Age
RankedLock teamsTeams togetherTeam positionsShared explorationLock speedFull tech treeHidden civsTurbo modeCheats
Victory
Defeat
🇩🇪 Britons · Germany
1233
+16
🇪🇸 Franks · Spain
1208
+17
🇬🇵 Khmer · Guadeloupe
1197
+17
🇪🇸 Vietnamese · Spain
1171
+18
vs
🇨🇳 Persians · China
1252
-18
🇪🇸 Aztecs · Spain
1249
-18
🇦🇷 Mongols · Argentina
1246
-18
🇷🇴 Wei · Romania
1146
-14
[KBRA] Oeseka
7:51 Loom
11:04 Feudal Age
11:53 Double-Bit Axe
22:32 Castle Age
22:11 Forging
22:08 Scale Barding Armor
25:01 Wheelbarrow
25:28 Bow Saw
32:46 Chain Barding Armor
40:21 Imperial Age
37:46 Gold Mining
40:47 Gold Shaft Mining
40:48 Husbandry
42:42 Plate Barding Armor
42:06 Cavalier
44:51 Iron Casting
44:57 Hand Cart
46:33 Blast Furnace
45:29 Paladin
49:16 Chemistry
50:21 Siege Engineers
51:43 Conscription
51:24 Chivalry
55:02 Hoardings
57:24 Town Watch
57:44 Caravan
PinkPanther
6:19 Loom
10:46 Feudal Age
12:12 Fletching
16:05 Padded Archer Armor
21:01 Wheelbarrow
25:13 Castle Age
25:07 Town Watch
25:52 Bodkin Arrow
26:32 Crossbowman
33:01 Leather Archer Armor
32:35 Horse Collar
34:23 Double-Bit Axe
34:52 Thumb Ring
35:37 Ballistics
37:38 Hand Cart
38:23 Bow Saw
41:17 Gold Mining
44:42 Imperial Age
43:57 Heavy Plow
43:47 Stone Mining
45:26 Bracer
45:23 Arbalester
47:18 Ring Archer Armor
48:29 Chemistry
49:12 Caravan
51:14 Two-Man Saw
50:45 Crop Rotation
55:08 Siege Engineers
55:56 Guard Tower
Jason
6:21 Loom
8:53 Feudal Age
10:31 Double-Bit Axe
16:19 Fletching
16:30 Padded Archer Armor
22:37 Castle Age
21:00 Gold Mining
22:56 Crossbowman
23:32 Bodkin Arrow
23:50 Bow Saw
25:39 Ballistics
25:18 Town Watch
26:08 Wheelbarrow
26:52 Leather Archer Armor
26:55 Horse Collar
35:23 Imperial Age
36:03 Bracer
37:05 Chemistry
37:04 Arbalester
43:58 Yeomen
43:59 Conscription
44:42 Warwolf
49:32 Hand Cart
49:52 Hand Cart
50:08 Elite Skirmisher
50:54 Imperial Skirmisher
52:26 Ring Archer Armor
52:40 Elite Longbowman
53:55 Hoardings
52:51 Sappers
53:59 Scale Barding Armor
53:54 Scale Mail Armor
54:04 Forging
53:59 Heavy Plow
55:06 Chain Barding Armor
54:56 Forging
54:23 Man-at-Arms
54:48 Gambesons
54:24 Pikeman
55:04 Squires
54:49 Arson
55:18 Guilds
55:38 Coinage
55:09 Caravan
55:56 Siege Engineers
56:02 Masonry
56:17 Town Patrol
56:00 Treadmill Crane
57:19 Plate Barding Armor
56:37 Stone Mining
57:53 Banking
vallet.gaetan
8:45 Loom
10:30 Feudal Age
14:16 Castle Age
13:26 Double-Bit Axe
15:49 Bow Saw
22:50 Bloodlines
23:12 Scale Barding Armor
23:26 Town Watch
24:16 Wheelbarrow
26:03 Chain Barding Armor
25:54 Forging
27:37 Gold Mining
29:08 Hand Cart
29:44 Iron Casting
30:43 Horse Collar
32:46 Husbandry
39:12 Imperial Age
37:50 Gold Shaft Mining
38:59 Light Cavalry
40:30 Plate Barding Armor
39:17 Cavalier
39:56 Stone Mining
42:49 Town Patrol
44:03 Blast Furnace
43:26 Hussar
44:55 Stone Shaft Mining
46:48 Fletching
47:47 Bodkin Arrow
49:58 Ballistics
56:15 Conscription
56:31 Bracer
57:33 Heavy Plow
Enrique
7:14 Loom
10:30 Feudal Age
11:40 Double-Bit Axe
11:36 Horse Collar
14:34 Fletching
20:01 Padded Archer Armor
24:56 Castle Age
24:57 Crossbowman
25:34 Bodkin Arrow
26:12 Leather Archer Armor
26:54 Ballistics
26:42 Town Watch
28:25 Elite Skirmisher
36:19 Atlatl
43:22 Imperial Age
43:33 Squires
43:21 Arson
43:26 Pikeman
44:38 Bracer
46:08 Chemistry
50:06 Bow Saw
50:45 Bracer
51:08 Heavy Plow
᲼
9:36 Feudal Age
9:11 Loom
10:03 Horse Collar
16:41 Castle Age
15:30 Double-Bit Axe
15:56 Scale Barding Armor
17:32 Forging
17:35 Bow Saw
18:09 Bloodlines
22:30 Husbandry
23:50 Chain Barding Armor
28:44 Gold Mining
34:34 Imperial Age
34:17 Wheelbarrow
33:30 Town Watch
34:21 Iron Casting
34:38 Heavy Hei Guang Cavalry
36:28 Blast Furnace
36:16 Conscription
36:17 Fletching
37:26 Gold Shaft Mining
37:20 Heavy Plow
39:30 Bodkin Arrow
39:36 Padded Archer Armor
39:27 Elite Skirmisher
43:24 Bracer
48:58 Light Cavalry
50:46 Leather Archer Armor
masterbaiter
7:33 Loom
9:42 Feudal Age
11:35 Double-Bit Axe
12:16 Horse Collar
14:43 Scale Barding Armor
19:55 Castle Age
19:24 Forging
19:56 Light Cavalry
20:59 Chain Barding Armor
23:35 Bloodlines
26:43 Iron Casting
30:46 Heavy Plow
32:40 Wheelbarrow
34:43 Hand Cart
38:02 Imperial Age
36:36 Fletching
37:16 Bodkin Arrow
38:27 Padded Archer Armor
40:11 Conscription
40:53 Blast Furnace
39:53 Bracer
39:50 Hussar
40:31 Husbandry
40:48 Leather Archer Armor
42:46 Chemistry
42:14 Parthian Tactics
43:44 Thumb Ring
43:31 Elite Mangudai
Hsaheyhd
0:36 Loom
24:59 Feudal Age
Connection lost

Rejoining the realm…

Still unreachable

The connection could not be restored.

Session expired

The server has moved on; the page needs a fresh start.